 Seeded DCSS version 0.30-a0-1053-gbd8d5ba0ad (webtiles) character file.

Game seed: 11885000497323088215 (custom seed)

9626 Pimp the Cleaver (level 11, -1/76 HPs)
             Began as a Hill Orc Fighter on Apr 11, 2023.
             Was a Priest of Vehumet.
             Slain by a sixfirhy (2 damage)
             ... on level 3 of the Abyss.
             The game lasted 00:25:28 (8190 turns).

Pimp the Cleaver (Hill Orc Fighter)                 Turns: 8190, Time: 00:25:30

Health: -1/76      AC: 17    Str: 17    XL:     11   Next: 49%
Magic:  25/25      EV: 11    Int: 17    God:    Vehumet [***...]
Gold:   528        SH:  5    Dex:  7    Spells: 11/16 levels left

rFire   . . .      SeeInvis .    q - +8 war axe of Haqos {heavy, Fragile rC+ Int+3}
rCold   + . .      Faith    .    c - +0 buckler
rNeg    + + +      Spirit   .    D - +5 ring mail of Fafang {-Tele rPois rN+++ Dex-4}
rPois   +          Reflect  .    (no helmet)
rElec   .          Rampage  .    v - +2 cloak
rCorr   .          NoTele   +    o - +2 pair of gloves
Will    .....                    J - +0 pair of boots Stlth
                                 s - amulet of regeneration
HPRegen 1.12/turn                m - +6 ring of dexterity
MPRegen 0.19/turn                y - ring of magical power

@: unable to drink
A: hooves 1, clever 1, wild magic 1, [clumsy 2], [deformed body], [frail 2],
[weak 2], [subdued magic 2], [inability to drink after injury 2]
a: Renounce Religion


You were on level 3 of the Abyss.
You worshipped Vehumet.
Vehumet was most pleased with you.
You visited 3 branches of the dungeon, and saw 12 of its levels.
You visited the Abyss 2 times.
You also visited: Ossuary.

You collected 693 gold pieces.
You spent 165 gold pieces at shops.

Inventory:

Hand Weapons
 a - a +0 spectral war axe
 q - the +8 war axe of Haqos (weapon) {heavy, Fragile rC+ Int+3}
   (You found it on level 3 of the Dungeon)

   Int:       It affects your intelligence (+3).
   rC:        It protects you from cold.
   Fragile:   It will be destroyed if unequipped.
 F - a +5 war axe of freezing
Missiles
 i - a throwing net (quivered)
Armour
 b - a +0 scale mail
 c - a +0 buckler (worn)
 j - +0 swamp dragon scales
 l - a +0 chain mail
 o - a +2 pair of gloves (worn)
 v - a +2 cloak (worn)
 D - the +5 ring mail of Fafang (worn) {-Tele rPois rN+++ Dex-4}
   (You found it on level 7 of the Dungeon)

   Dex:       It affects your dexterity (-4).
   rPois:     It protects you from poison.
   rN:        It renders you almost immune to negative energy.
   -Tele:     It prevents most forms of teleportation.
 J - a +0 pair of boots (worn)
 L - +0 acid dragon scales
Jewellery
 e - a ring of see invisible
 m - a +6 ring of dexterity (left hand)
 s - an amulet of regeneration (around neck)
 w - an amulet of faith
 y - a ring of magical power (right hand)
 E - a ring of magical power
 G - a ring of willpower
Wands
 B - a wand of flame (28)
 H - a wand of paralysis (3)
 I - a wand of roots (4)
Scrolls
 f - 13 scrolls of teleportation
 g - 5 scrolls of poison
 h - a scroll of magic mapping
 p - a scroll of immolation
 x - a scroll of amnesia
 K - 3 scrolls of identify
Potions
 d - 4 potions of might
 k - a potion of berserk rage
 n - 5 potions of attraction
 r - 2 potions of invisibility
 t - a potion of flight
 u - 9 potions of curing
 z - a potion of haste
 A - a potion of lignification
 C - 2 potions of brilliance {unknown}


   Skills:
 + Level 8.7 Fighting
 * Level 12.5 Axes
 + Level 8.0 Armour
 + Level 5.3 Dodging
 + Level 8.0 Shields
 + Level 3.3 Spellcasting
 + Level 4.6 Conjurations
 * Level 2.6 Fire Magic


You had 11 spell levels left.
You knew the following spells:

 Your Spells              Type           Power      Damage    Failure   Level
a - Searing Ray           Conj           30%        2d5       2%          2
b - Inner Flame           Hex/Fire       5%         N/A       16%         3

Your spell library contained the following spells:

 Spells                   Type           Power      Damage    Failure   Level
 Airstrike                Air            1%         2d(1-17)  61%         4
 Hailstorm                Conj/Ice       8%         3d4       11%         3
 Apportation              Tloc           4%         N/A       34%         1
 Ensorcelled Hibernation  Hex/Ice        4%         N/A       45%         2
 Passwall                 Tmut/Erth      1%         N/A       45%         2
 Irradiate                Conj/Tmut      4%         3d13      65%         5
 Call Canine Familiar     Summ           2%         N/A       71%         3
 Portal Projectile        Hex/Tloc       4%         N/A       71%         3
 Swiftness                Air            2%         N/A       71%         3
 Tukima's Dance           Hex            2%         N/A       71%         3
 Ice Form                 Ice/Tmut       2%         N/A       98%         4
 Leda's Liquefaction      Hex/Erth       1%         N/A       98%         4
 Alistair's Intoxication  Tmut/Pois      1%         N/A       100%        5
 Blade Hands              Tmut           1%         N/A       100%        5
 Simulacrum               Ice/Necr       1%         N/A       100%        6
 Dragon Form              Tmut           1%         N/A       100%        7
 Discord                  Hex            1%         N/A       100%        8
 Chain Lightning          Conj/Air       4%         3d5       100%        9


Dungeon Overview and Level Annotations

Branches:
Dungeon (10/15)            Temple (1/1) D:5            Lair (0/5) D:9
    Orc (1/2) D:9         Ossuary (visited)

Altars:
Ashenzari
Cheibriados
Dithmenos
Elyvilon
Fedhas
Gozag
Hepliaklqana
Kikubaaqudgha
Makhleb
Nemelex Xobeh
Okawaru
Qazlal
Ru
Sif Muna
Trog
Uskayaw
Vehumet
Wu Jian
Xom
Yredelemnul
Zin
The Shining One

Shops:
D:1 (   D:3 (   D:4 (   D:7 =

Annotations:
D:8 2 transporters
Temple 2 transporters
Orc:1 Erolcha


Innate Abilities, Weirdness & Mutations

You have large cloven feet.
Your mind is acute. (Int +4, Str/Dex -1)
Your spells are a little harder to cast, but a little more powerful.
[You are very clumsy. (Dex -4)]
[Armour fits poorly on your strangely shaped body.]
[You are very frail. (-20% HP)]
[You are very weak. (Str -4)]
[Your spells are easier to cast, but less powerful.]
[You sometimes lose the ability to drink potions when taking damage.]


Message History

The sixfirhy attacks as you move away!
The sixfirhy hits you but does no damage.
The sixfirhy closely misses you. The sixfirhy barely misses you.
The sixfirhy attacks as you move away! You block the sixfirhy's attack.
The sixfirhy hits you but does no damage.
The sixfirhy closely misses you. The sixfirhy hits you.
The sixfirhy shocks you!
The sixfirhy splashes around in the water.
The sixfirhy hits you but does no damage.
The sixfirhy splashes around in the water.
Found a corrupted altar of Lugonu.
The sixfirhy hits you. The sixfirhy shocks you!
You feel threatened and lose the ability to drink potions!
The sixfirhy hits you but does no damage.
The sixfirhy closely misses you. The sixfirhy completely misses you.
The abyss shimmers again as the detected abyssal rune vanishes from your memory and reappears. 2 spatial vortices come into view.
The sixfirhy hits you but does no damage. x3
The sixfirhy hits you! The sixfirhy shocks you!
A spatial vortex comes into view.
A spatial vortex comes into view.
The sixfirhy attacks as you move away! The sixfirhy closely misses you.
The sixfirhy misses you.
The sixfirhy hits you but does no damage.
The sixfirhy hits you! The sixfirhy shocks you! The spatial maelstrom hits you.
* * * LOW HITPOINT WARNING * * *
The spatial maelstrom hits you!
* * * LOW HITPOINT WARNING * * *
The sixfirhy hits you but does no damage.
A spatial vortex comes into view.
You cannot drink potions in your current state!
Okay, then.
A spatial vortex comes into view.
The sixfirhy hits you.
* * * LOW HITPOINT WARNING * * *
The sixfirhy shocks you!
* * * LOW HITPOINT WARNING * * *
The sixfirhy hits you but does no damage.
The sixfirhy hits you.
You die...

.## # ..#
.#..#
....# #...
#..# .
##..##
#.##
#.@#.#
#...
###3..#
..##..####
#..#v..#
#....v##
##.....#
#.#...##
_###v4##
.. ##.##


You could see a spatial maelstrom, 2 spatial vortices, a sixfirhy and a chaos
spawn.

Vanquished Creatures
  2 two-headed ogres
  Sonja (D:10)
  Maggie (D:8)
  4 trolls
  A hornet (D:6)
  Prince Ribbit (D:6)
  2 shadows
  3 yaks (D:10)
  2 steam dragons (D:7)
  An acid dragon (D:10)
  2 water moccasins (D:8)
  2 orc warriors (D:9)
  An ice beast (D:8)
  5 sky beasts (D:7)
  3 black bears
  2 ogres
  3 wolves (D:9)
  A centaur (D:8)
  A phantom (D:5)
  5 kobold brigands
  A gnoll sergeant (D:7)
  4 scorpions
  3 bullfrogs
  4 water moccasin zombies (Ossuary)
  8 wights
  14 killer bees
  A howler monkey (D:5)
  An electric eel (D:9)
  2 gnoll boudas
  3 jellies (D:6)
  10 hounds
  Crazy Yiuf (D:3)
  An orc priest (D:5)
  Jessica (D:3)
  4 iguanas
  3 sleepcaps
  Natasha (twice) (D:4)
  2 orc wizards
  2 mummies (Ossuary)
  9 gnolls
  7 adders
  3 shadow imps
  2 ufetubi
  8 adder zombies (Ossuary)
  3 dart slugs
  20 orcs
  7 ball pythons
  A bat skeleton (D:2)
  5 endoplasms
  4 giant cockroaches
  11 goblins
  14 hobgoblins
  11 jackals
  4 quokkas
  2 ball python zombies (D:2)
  9 bats
  A frilled lizard (D:3)
  2 giant cockroach zombies (D:2)
  3 gnoll zombies (Ossuary)
  3 hobgoblin zombies (Ossuary)
  18 kobolds
  7 kobold zombies (Ossuary)
  6 orc zombies (Ossuary)
  A quokka skeleton (D:2)
  A quokka zombie (D:2)
  9 rats
281 creatures vanquished.

Vanquished Creatures (others)
  An unseen horror (D:7)
  An orc (Orc:1)
  A plant (D:3)
  2 withered plants (D:2)
5 creatures vanquished.

Grand Total: 286 creatures vanquished

Notes
Turn   | Place    | Note
-------+----------+-------------------------------------------
     0 | D:1      | Pimp the Hill Orc Fighter began the quest for the Orb.
     0 | D:1      | Reached XP level 1. HP: 19/19 MP: 1/1
    13 | D:1      | Found Iczawoibb's Antique Weapon Shoppe.
   134 | D:1      | Reached XP level 2. HP: 27/27 MP: 2/2
   155 | D:1      | Reached skill level 3 in Axes
   651 | D:2      | Reached XP level 3. HP: 33/33 MP: 3/3
  1140 | D:2      | Reached XP level 4. HP: 40/40 MP: 4/4
  1268 | D:2      | Found a shimmering altar of Xom.
  1455 | D:3      | Reached skill level 4 in Axes
  1480 | D:3      | Reached skill level 1 in Dodging
  1741 | D:3      | Found a runed translucent door.
  1742 | D:3      | Noticed Crazy Yiuf
  1853 | D:3      | Identified the +8 war axe of Haqos {heavy, Fragile rC+
                  | Int+3}
  1898 | D:3      | Found Ziyl's Weapon Emporium.
  1989 | D:3      | Noticed Jessica
  1991 | D:3      | Killed Jessica
  1992 | D:3      | Reached XP level 5. HP: 46/46 MP: 5/5
  2247 | D:3      | Killed Crazy Yiuf
  2257 | D:3      | Identified the +5 hammer "Lucaon" {flame, rF+}
  2565 | D:4      | Gained mutation: Your flesh is cold resistant. (rC+)
                  | [potion of mutation]
  2565 | D:4      | Gained mutation: You are agile. (Dex +4, Str/Int -1)
                  | [potion of mutation]
  2566 | D:4      | Lost mutation: Your flesh is cold resistant. (rC+) [potion
                  | of mutation]
  2566 | D:4      | Lost mutation: You are agile. (Dex +4, Str/Int -1) [potion
                  | of mutation]
  2566 | D:4      | Gained mutation: Your mind is acute. (Int +4, Str/Dex -1)
                  | [potion of mutation]
  2566 | D:4      | Gained mutation: You have large cloven feet. [potion of
                  | mutation]
  2566 | D:4      | Gained mutation: Your spells are a little harder to cast,
                  | but a little more powerful. [potion of mutation]
  2667 | D:4      | Found Qeotokiu's Antique Weapon Emporium.
  2674 | D:4      | Reached skill level 5 in Axes
  2674 | D:4      | Reached XP level 6. HP: 51/53 MP: 6/6
  2753 | D:4      | Noticed Natasha
  2756 | D:4      | Killed Natasha
  2912 | D:4      | Reached XP level 7. HP: 60/60 MP: 7/7
  2919 | D:4      | Reached skill level 5 in Fighting
  2919 | D:4      | Reached skill level 6 in Axes
  3077 | D:4      | Noticed Natasha
  3078 | D:4      | Found a hazy altar of Hepliaklqana.
  3083 | D:4      | Killed Natasha
  3304 | D:5      | Entered Level 5 of the Dungeon
  3468 | D:5      | Found a staircase to the Ecumenical Temple.
  3502 | Temple   | Entered the Ecumenical Temple
  3502 | Temple   | Found a transporter.
  3502 | Temple   | Found a transporter.
  3504 | Temple   | Found a transporter.
  3504 | Temple   | Found a transporter.
  3533 | Temple   | Became a worshipper of Vehumet
  3631 | D:5      | Reached skill level 5 in Armour
  3724 | D:5      | Reached skill level 5 in Shields
  3738 | D:5      | Reached skill level 7 in Axes
  3942 | D:5      | Reached XP level 8. HP: 65/69 MP: 8/8
  4355 | D:6      | Found a sand-covered staircase.
  4356 | D:6      | Noticed Prince Ribbit
  4364 | D:6      | Killed Prince Ribbit
  4368 | Ossuary  | Entered an ossuary
  4393 | Ossuary  | Reached * piety under Vehumet
  4393 | Ossuary  | Offered knowledge of Freeze by Vehumet.
  4398 | Ossuary  | Reached skill level 8 in Axes
  4743 | D:6      | Reached XP level 9. HP: 78/78 MP: 9/9
  4761 | D:6      | Offered knowledge of Searing Ray by Vehumet.
  4762 | D:6      | Reached skill level 9 in Axes
  4762 | D:6      | Reached ** piety under Vehumet
  4767 | D:6      | Learned a level 2 spell: Searing Ray
  4937 | D:6      | Noticed a hornet
  4941 | D:6      | Paralysed by a hornet for 1 turns
  4943 | D:6      | Killed a hornet
  5326 | D:7      | Reached skill level 1 in Conjurations
  5373 | D:7      | Reached skill level 1 in Spellcasting
  5609 | D:7      | Found an ornate altar of the Wu Jian Council.
  5609 | D:7      | Found an iron altar of Okawaru.
  5633 | D:7      | Identified the +5 ring mail of Fafang {-Tele rPois rN+++
                  | Dex-4}
  5642 | D:7      | Reached skill level 10 in Axes
  5718 | D:7      | Noticed a two-headed ogre
  5732 | D:7      | Killed an unseen horror
  5733 | D:7      | Reached XP level 10. HP: 70/86 MP: 12/12
  5737 | D:7      | Killed a two-headed ogre
  5755 | D:7      | Reached skill level 11 in Axes
  5875 | D:7      | Found Jaeholl's Jewellery Shoppe.
  6007 | D:7      | Bought a ring of see invisible for 165 gold pieces
  6266 | D:8      | Found a transporter.
  6287 | D:8      | Found a transporter.
  6369 | D:8      | Noticed Maggie
  6377 | D:8      | Killed Maggie
  6405 | D:8      | Noticed a two-headed ogre
  6411 | D:8      | Killed a two-headed ogre
  6539 | D:9      | Reached skill level 5 in Dodging
  6547 | D:9      | Reached XP level 11. HP: 41/94 MP: 15/15
  6558 | D:9      | Offered knowledge of Mephitic Cloud by Vehumet.
  6610 | D:9      | Reached skill level 12 in Axes
  6610 | D:9      | Found a staircase to the Lair.
  6791 | D:9      | Found a staircase to the Orcish Mines.
  6881 | D:9      | Identified the +1 spear "Kule" {elec, rF+}
  6887 | D:9      | Got Qubraweo's Reference Book on Execration and the Shot
  6895 | D:9      | Learned a level 3 spell: Inner Flame
  6962 | D:9      | Reached *** piety under Vehumet
  7067 | D:10     | Entered Level 10 of the Dungeon
  7084 | D:10     | Reached skill level 1 in Fire Magic
  7212 | D:10     | Offered knowledge of Airstrike by Vehumet.
  7368 | D:10     | Noticed Sonja
  7397 | D:10     | Killed Sonja
  7847 | Orc:1    | Entered Level 1 of the Orcish Mines
  7847 | Orc:1    | Noticed Erolcha
  7848 | Abyss:2  | Cast into level 2 of the Abyss (Erolcha)
  7878 | Abyss:2  | Noticed a starcursed mass
  7896 | Abyss:2  | Noticed a wretched star
  7903 | Abyss:2  | Noticed a bone dragon
  7909 | Abyss:2  | Found a corrupted altar of Lugonu.
  7911 | Abyss:2  | Found a corrupted altar of Lugonu.
  7964 | Abyss:3  | Found a corrupted altar of Lugonu.
  7973 | Abyss:3  | Found a corrupted altar of Lugonu.
  7995 | Orc:1    | Escaped the Abyss
  8111 | Abyss:3  | Cast into level 3 of the Abyss (Erolcha)
  8133 | Abyss:3  | Found a corrupted altar of Lugonu.
  8152 | Abyss:3  | Noticed a wretched star
  8160 | Abyss:3  | Noticed a wizard
  8167 | Abyss:3  | Noticed a sixfirhy
  8176 | Abyss:3  | Found a corrupted altar of Lugonu.
  8179 | Abyss:3  | Noticed a spatial maelstrom
  8186 | Abyss:3  | Found a corrupted altar of Lugonu.
  8190 | Abyss:3  | HP: 1/76 [sixfirhy (12)]
  8190 | Abyss:3  | Slain by a sixfirhy

Illustrated notes

Levels and vault maps discovered:
D:1:      minmay_arrival_doors, layout_basic, serial_shops, shop_statue,
          serial_bayou_pond_d, corexii_item_surrounded_by_moat
D:2:      layout_loops_ring, serial_undead, serial_undead_a, serial_undead_f,
          serial_undead_a, serial_undead_a, basic_altar
D:3:      corexii_shack_village, layout_basic, serial_shops,
          nicolae_shop_bloodbath_and_beyond, dk_vineyard_2, dk_noncrumbling_4,
          patterned_corridor, uniq_crazy_yiuf_cottage, uniq_jessica
D:4:      minmay_octagon_keep, layout_loops_ring, marbit_many_paths,
          serial_shops, shop, uniq_natasha
D:5:      nicolae_cairo_tiling_large, layout_loops_corners,
          minmay_temple_entry_stoned_glass
D:6:      layout_loops_corners, enter_ossuary_1, minivault_27,
          minmay_diced_spiral, uniq_prince_ribbit1
D:7:      minmay_chambers_of_sevens, layout_cave_pools,
          gammafunk_temple_overflow_wave, serial_shops, shop
D:8:      gammafunk_steamed_eel, layout_rooms, chequers_serial_rivers_small_3,
          uniq_maggie
D:9:      layout_roguey, erik_lair_island, corexii_checkpoint_a,
          hangedman_abyss_or_decor_stagger
D:10:     layout_loops_cross, uniq_sonja
Temple:   hellmonk_temple_divided_pantheon
Orc:1:    layout_caves, basic_altar, serial_shops, shop, minmay_orc_temple_b,
          uniq_erolcha
Abyss:3:  base: Temple, patterned_corridor,
          hangedman_grunt_abyss_rune_horror_hoard, base: D:8, base: D:4, base:
          D:11, nicolae_abyss_rune_star_stuff, nicolae_abyss_rune_star_stuff,
          minivault_24

Skill      XL: |  1  2  3  4  5  6  7  8  9 10 11 |
---------------+----------------------------------+-----
Axes           | 3 4 5 7 8 10 11 12 | 12.5
Fighting       | 4 5 6 7 8 |  8.7
Dodging        | 1 2 3 4 5 |  5.3
Armour         | 4 5 6 7 8 |  8.0
Shields        | 4 5 6 7 8 |  8.0
Conjurations   | 2 3 4 |  4.6
Spellcasting   | 1 2 3 |  3.3
Fire Magic     | 2 |  2.6

Action                     |  1- 3 |  4- 6 |  7- 9 | 10-12 || total
---------------------------+-------+-------+-------+-------++-------
  Melee: War axe           |   129 |   122 |   204 |   170 ||   625
         Kick              |       |     3 |    43 |    23 ||    69
    Use: Scroll            |       |     6 |     6 |     9 ||    21
         Potion            |       |     2 |     2 |     5 ||     9
   Stab: Invisible         |       |       |       |     4 ||     4
 Armour: Scale mail        |    86 |       |       |       ||    86
         Chain mail        |     6 |    88 |   158 |       ||   252
         Ring mail         |       |       |    30 |   127 ||   157
  Dodge: Dodged            |    99 |    55 |   119 |   156 ||   429
  Block: Buckler           |    44 |    26 |    61 |    73 ||   204

Table legend: (Time is in decaauts)
 A = Elapsed time spent in this place.
 B = Non-inter-level travel time spent in this place.
 C = Inter-level travel time spent in this place.
 D = Time resting spent in this place.
 E = Time spent auto-exploring this place.
 F = Levels seen in this place.
 G = Mean time per level.
                   A        B        C        D        E       F      G
               +--------+--------+--------+--------+--------+-----+--------+
         Total |   8513 |   8167 |    346 |    337 |   5453 |  16 |  532.1 |
       Dungeon |   8032 |   7687 |    345 |    337 |   5414 |  10 |  803.2 |
        Temple |     47 |     47 |      0 |      0 |      0 |   1 |   47.0 |
  Orcish Mines |      5 |      5 |      0 |      0 |      0 |   1 |    5.0 |
         Abyss |    228 |    228 |      0 |      0 |      0 |   3 |   76.0 |
       Ossuary |    199 |    199 |      0 |      0 |     39 |   1 |  199.0 |
               +--------+--------+--------+--------+--------+-----+--------+

Top non-repeatable levels by time:
     D:3: 1051 daAuts
     D:4: 943 daAuts
     D:5: 932 daAuts
     D:6: 877 daAuts
     D:2: 790 daAuts
     D:7: 790 daAuts
    D:10: 748 daAuts
     D:9: 728 daAuts
     D:1: 662 daAuts
     D:8: 507 daAuts
 Ossuary: 199 daAuts
 Abyss:3: 115 daAuts
 Abyss:2: 113 daAuts
  Temple: 47 daAuts
   Orc:1: 5 daAuts
